 Dungeon Crawl Stone Soup version 0.31-a0-263-ge8cad7f256 (webtiles) character file.

Game seed: 7418710249207487171

778 qw the Skirmisher (level 7, -13/60 HPs)
             Began as a Minotaur Hexslinger on July 13, 2023.
             Killed from afar by Pikel (16 damage)
             ... with a bolt of light
             ... on level 5 of the Dungeon.
             The game lasted 00:01:24 (3824 turns).

qw the Skirmisher (Minotaur Hexslinger)             Turns: 3824, Time: 00:01:25

Health: -13/60     AC:  9    Str: 13    XL:     7   Next: 54%
Magic:  7/7        EV: 11    Int: 10    God:
Gold:   291        SH:  0    Dex: 17    Spells: 7/8 levels left

rFire   . . .        Y - +0 longbow
rCold   + . .        (shield currently unavailable)
rNeg    . . .        l - +0 ring mail
rPois   .            (helmet restricted)
rElec   .            b - scarf "Qyucs" {+Inv, Dex+3}
rCorr   .            (no gloves)
SInv    .            (no boots)
Will    .....        (no amulet)
Stlth   +            g - +4 ring of protection
HPRegen 0.30/turn    i - ring of protection from cold
MPRegen 0.10/turn

%: no passive effects
@: no status effects
A: horns 2, retaliatory headbutt
a: Evoke Invisibility


You were on level 5 of the Dungeon.
You visited 1 branch of the dungeon, and saw 5 of its levels.

You collected 291 gold pieces.


Innate Abilities, Weirdness & Mutations

You have a pair of horns on your head.
You reflexively headbutt those who attack you in melee.


   Skills:
 + Level 4.7 Fighting
 - Level 8.1 Ranged Weapons
 - Level 2.1 Armour
 - Level 2.1 Dodging
 - Level 1.0 Spellcasting
 - Level 2.0 Hexes


You had 7 spell levels left.
You knew the following spells:

 Your Spells              Type           Power      Damage    Failure   Level
a - Slow                  Hex            16%        N/A       32%         1

Your spell library contained the following spells:

 Spells                   Type           Power      Damage    Failure   Level
 Inner Flame              Hex/Fire       2%         N/A       82%         3
 Portal Projectile        Hex/Tloc       4%         N/A       82%         3
 Cause Fear               Hex            2%         N/A       97%         4

Inventory:

Hand Weapons
 Y - a +0 longbow (weapon)
Armour
 b - the scarf "Qyucs" (worn) {+Inv, Dex+3}
   (You acquired it on level 3 of the Dungeon)

   Dex:       It affects your dexterity (+3).
 l - a +0 ring mail (worn)
Jewellery
 c - a +5 ring of evasion
 g - a +4 ring of protection (left hand)
 i - a ring of protection from cold (right hand)
 n - a ring of willpower
Scrolls
 a - a scroll of identify
Potions
 h - 2 potions of enlightenment
 j - a potion of berserk rage {unknown}
 k - a potion of mutation

Dungeon Overview and Level Annotations

Branches:
Dungeon (5/15)
 Temple: D:4-7

Altars:
Fedhas
Trog
Uskayaw
The Shining One

Annotations:
D:2 1 runed translucent door, Crazy Yiuf
D:5 exclusion: gnoll sergeant, Pikel


Message History

The lemure is severely wounded.
Pikel barely misses you. The lemure barely misses you.
You shoot an arrow. The arrow hits the lemure!
You kill the lemure!
That felt strangely unrewarding.
Pikel hits you but does no damage. The lemure hits you.
Pikel hits you but does no damage.
You shoot an arrow. The arrow misses Pikel.
The lemure hits you but does no damage.
Pikel hits you with a +1 whip of electrocution!
You shoot an arrow. The arrow hits Pikel!
Pikel is moderately wounded.
The lemure hits you but does no damage.
Pikel hits you with a +1 whip of electrocution.
You shoot an arrow. The arrow closely misses Pikel.
Pikel zaps a wand.
The bolt of light misses you. The lemure hits you but does no damage.
The lemure hits you.
Pikel zaps a wand.
The bolt of light hits you!
The lemure hits you but does no damage. x2
You shoot an arrow. The arrow closely misses Pikel.
The lemure hits you!
Pikel says, "Don't tell anyone, but I think Ereshkigal likes me."
Pikel zaps a wand.
The bolt of light misses you. The lemure barely misses you.
3821 ||| DRINKING potion of heal wounds.
You feel much better. The lemure barely misses you.
Pikel zaps a wand.
The bolt of light hits you!
You are confused.
The lemure closely misses you. The lemure hits you but does no damage.
Pikel waves his whip at you.
Pikel zaps a wand.
The bolt of light hits you! The lemure hits you but does no damage.
You feel less confused. The lemure barely misses you. You furiously retaliate!
You headbutt the lemure.
Pikel hits you with a +1 whip of electrocution.
The lemure misses you.
You shoot an arrow. The arrow hits Pikel!!
Pikel is severely wounded.
The lemure hits you but does no damage.
Pikel zaps a wand.
The bolt of light hits you!
You die...

#<.. ....... #...
....... #... .......
#... ....... #...
....$## #... ....## ##..
##K55# #.. ##.#@## #..
##.#.##.## #..
##.#.##.#.## #..
##.#.##.#.#.## #..
##.#.##.#.#.#.## #..
##.#.##.#.###.#.## #..
##.#.##.#.##.##.#.## #..
##.#.##.#.##.#.##.#%##
##.
##.#.##.#.##.#.#)##.#.##


You could see Pikel and 2 lemures.

Vanquished Creatures
  An ice beast (D:5)
  A phantom (D:3)
  2 lemures (D:5)
  2 scorpions (D:5)
  A gnoll sergeant (D:5)
  A jelly (D:4)
  4 orc priests
  Jessica (D:2)
  3 iguanas
  An orc wizard (D:4)
  5 adders
  3 gnolls (D:4)
  3 dart slugs (D:1)
  4 orcs
  6 ball pythons
  4 bats
  9 endoplasms
  5 giant cockroaches
  3 goblins
  6 hobgoblins
  10 kobolds
  4 quokkas
  2 frilled lizards
  4 rats
85 creatures vanquished.

Notes
Turn   | Place    | Note
-------+----------+-------------------------------------------
     0 | D:1      | qw the Minotaur Hexslinger began the quest for the Orb.
     0 | D:1      | Reached XP level 1. HP: 16/16 MP: 1/1
     0 | D:1      | 0 ||| qw: Version: 0.3-a-52-g30416fa
     0 | D:1      | 0 ||| qw: Game counter: 7341
     0 | D:1      | 0 ||| qw: Melee chars always use a shield: true
     0 | D:1      | 0 ||| qw: God list: Okawaru
     0 | D:1      | 0 ||| qw: Allow faded altars: false
     0 | D:1      | 0 ||| qw: Do Orc after clearing Dungeon:15 true
     0 | D:1      | 0 ||| qw: Do second Lair branch before Depths: true
     0 | D:1      | 0 ||| qw: Lair rune preference: random
     0 | D:1      | 0 ||| qw: Goals: Normal
     0 | D:1      | 0 ||| PLANNING D:1-11
    98 | D:1      | Reached skill level 3 in Ranged Weapons
    98 | D:1      | Reached XP level 2. HP: 23/23 MP: 2/2
   456 | D:1      | Reached XP level 3. HP: 29/29 MP: 3/3
   632 | D:1      | 632 ||| UPGRADING to +0 leather armour.
   642 | D:1      | 642 ||| DROPPING +0 robe.
   643 | D:1      | 643 ||| UPGRADING to +0 ring mail.
   653 | D:1      | 653 ||| DROPPING +0 leather armour.
   654 | D:1      | 654 ||| UPGRADING to +4 ring of protection.
   655 | D:1      | 655 ||| UPGRADING to ring of protection from cold.
   656 | D:1      | 656 ||| READING 5 scrolls labelled JADYPI HUPLOD.
   657 | D:1      | 657 ||| READING scroll labelled OLODWI LEFET.
   660 | D:1      | 660 ||| READING 4 scrolls of identify.
   660 | D:1      | 660 ||| IDENTIFYING black potion
   661 | D:1      | 661 ||| READING 3 scrolls of identify.
   661 | D:1      | 661 ||| IDENTIFYING red potion
   662 | D:1      | 662 ||| READING 2 scrolls of identify.
   662 | D:1      | 662 ||| IDENTIFYING emerald potion
   663 | D:1      | 663 ||| DROPPING scroll of poison.
   664 | D:1      | 664 ||| DROPPING potion of brilliance.
   707 | D:2      | Found a blossoming altar of Fedhas.
   765 | D:2      | Reached skill level 4 in Ranged Weapons
   811 | D:2      | Found a faded altar of an unknown god.
   831 | D:2      | Noticed Jessica
   835 | D:2      | Killed Jessica
   836 | D:2      | Reached XP level 4. HP: 36/36 MP: 4/4
   958 | D:2      | Found a runed translucent door.
   959 | D:2      | Noticed Crazy Yiuf
  1139 | D:2      | 1139 ||| DROPPING amulet of magic regeneration.
  1140 | D:2      | 1140 ||| READING scroll labelled ITZEBL MIVOGROSIMI.
  1141 | D:2      | 1141 ||| READING scroll labelled AWKOPEIBOFIEC.
  1142 | D:2      | 1142 ||| READING scroll labelled MODDILL NYZEST.
  1143 | D:2      | 1143 ||| READING scroll labelled RACVAU UXKEEL.
  1227 | D:3      | 1227 ||| SWAPPING to +0 longbow.
  1228 | D:3      | 1228 ||| DROPPING +1 sling of freezing.
  1365 | D:3      | Found a glowing golden altar of the Shining One.
  1637 | D:3      | Found a hide-covered altar of Uskayaw.
  1900 | D:3      | 1900 ||| READING scroll labelled TOKHIQETAL.
  1901 | D:3      | 1901 ||| READING scroll labelled ROUTHR QAECHAW.
  1901 | D:3      | Identified a scroll of acquirement
  1901 | D:3      | 1901 ||| ACQUIRING scarf "Qyucs" {+Inv, Dex+3}
  1901 | D:3      | Acquired the scarf "Qyucs" {+Inv, Dex+3}
  1903 | D:3      | 1903 ||| UPGRADING to scarf "Qyucs" {+Inv, Dex+3}.
  1908 | D:3      | 1908 ||| READING scroll labelled QOMUVU GUERCHI.
  1909 | D:3      | 1909 ||| DRINKING 2 fizzy golden potions.
  1924 | D:4      | Noticed a phantom
  1928 | D:4      | 1928 ||| STAIRDANCE
  1965 | D:4      | 1965 ||| STAIRDANCE
  1973 | D:3      | HP: 6/36 [phantom (6)]
  1974 | D:3      | 1974 ||| READING scroll of teleportation.
  1975 | D:3      | Killed a phantom
  1976 | D:3      | Reached skill level 5 in Ranged Weapons
  1976 | D:3      | Reached XP level 5. HP: 4/41 MP: 5/5
  2129 | D:4      | 2129 ||| STAIRDANCE
  2153 | D:4      | 2153 ||| STAIRDANCE
  2157 | D:3      | Reached skill level 3 in Fighting
  2238 | D:4      | 2238 ||| STAIRDANCE
  2279 | D:4      | 2279 ||| STAIRDANCE
  2283 | D:3      | Reached XP level 6. HP: 25/51 MP: 6/6
  2376 | D:4      | 2376 ||| STAIRDANCE
  2411 | D:4      | 2411 ||| STAIRDANCE
  2435 | D:4      | 2435 ||| STAIRDANCE
  2485 | D:4      | 2485 ||| STAIRDANCE
  2537 | D:4      | Reached skill level 6 in Ranged Weapons
  2568 | D:4      | 2568 ||| Stepping ~*~*~tactically~*~*~ (outnumbered).
  2570 | D:4      | 2570 ||| Stepping ~*~*~tactically~*~*~ (outnumbered).
  2632 | D:4      | 2632 ||| Stepping ~*~*~tactically~*~*~ (outnumbered).
  2756 | D:4      | Found a bloodstained altar of Trog.
  2903 | D:4      | 2903 ||| READING scroll labelled HIOF DUWNOMPA.
  3004 | D:4      | 3004 ||| READING scroll labelled IRRAGO DUHARA.
  3005 | D:4      | 3005 ||| READING 2 scrolls of identify.
  3005 | D:4      | 3005 ||| IDENTIFYING viscous black potion
  3044 | D:4      | 3044 ||| DROPPING ring of flight.
  3046 | D:4      | 3046 ||| STAIRDANCE
  3340 | D:4      | 3340 ||| READING 2 scrolls of identify.
  3340 | D:4      | 3340 ||| IDENTIFYING green potion
  3341 | D:4      | 3341 ||| DROPPING potion of attraction.
  3389 | D:5      | Entered Level 5 of the Dungeon
  3478 | D:5      | Found a blossoming altar of Fedhas.
  3530 | D:5      | Reached skill level 7 in Ranged Weapons
  3550 | D:5      | Reached XP level 7. HP: 59/59 MP: 7/7
  3584 | D:5      | 3584 ||| DRINKING potion of curing.
  3584 | D:5      | 3584 ||| (to cure poison)
  3592 | D:5      | HP: 14/59 [poisoned by a gnoll sergeant]
  3597 | D:5      | HP: 9/59 [poisoned by a gnoll sergeant]
  3787 | D:5      | Reached skill level 8 in Ranged Weapons
  3810 | D:5      | Noticed Pikel
  3820 | D:5      | HP: 12/60 [lemure[Pikel] (7)]
  3821 | D:5      | 3821 ||| DRINKING potion of heal wounds.
  3822 | D:5      | HP: 4/60 [Pikel/bolt of light (15)]
  3824 | D:5      | Killed from afar by Pikel

Levels and vault maps discovered:
D:1:      kennysheep_arrival_seaside, layout_basic
D:2:      layout_rooms, shapermc_ecumenical_altar_venn, basic_altar,
          uniq_crazy_yiuf_cottage, uniq_jessica
D:3:      layout_loops_corners, mainiacjoe_overflow_alcove_2,
          nicolae_overflow_hidden_temple
D:4:      layout_loops_cross, lemuel_coloured_pillars_altar
D:5:      minmay_inner_zag, layout_gridville, old_standard_altar,
          nicolae_the_louvre, uniq_pikel

Skill      XL: |  1  2  3  4  5  6  7 |
---------------+----------------------+-----
Ranged Weapons | 3 4 5 7 8 |  8.1
Fighting       | 2 3 4 |  4.7
Armour         | 2 |  2.1
Dodging        | |  2.1
Spellcasting   | |  1.0
Hexes          | |  2.0

Action                     |  1- 3 |  4- 6 |  7- 9 || total
---------------------------+-------+-------+-------++-------
   Fire: Sling             |   101 |     9 |       ||   110
         Longbow           |       |   104 |    28 ||   132
    Use: Scroll            |     5 |    12 |       ||    17
         Potion            |       |     1 |     2 ||     3
 Armour: Robe              |     1 |       |       ||     1
         Ring mail         |     5 |    28 |    17 ||    50
  Dodge: Dodged            |     8 |    47 |    13 ||    68

Table legend:
 A = Non-vault XP
 B = Vault XP
 C = Vault XP percentage of total XP
 D = Non-vault monster count
 E = Vault monster count
 F = Vault count percentage of total count
                 A         B        C        D         E       F
            +---------+---------+-------+---------+---------+-------
      Total |     776 |     336 |  30.2 |      77 |       6 |   7.2
            +---------+---------+-------+---------+---------+-------
        D:1 |      47 |       0 |   0.0 |      23 |       0 |   0.0
        D:2 |      24 |      37 |  60.7 |      14 |       1 |   6.7
        D:3 |     272 |       0 |   0.0 |      18 |       0 |   0.0
        D:4 |     268 |       0 |   0.0 |      20 |       0 |   0.0
        D:5 |     165 |     299 |  64.4 |       2 |       5 |  71.4
            +---------+---------+-------+---------+---------+-------
